 Dungeon Crawl Stone Soup version 0.27.0-1-g7a089689b8 (webtiles) character file.

Game seed: 17379915913834503850

132 Lochraine the Shooter (level 5, -6/37 HPs)
             Began as a Human Wanderer on Aug 5, 2021.
             Was a Follower of Yredelemnul.
             Mangled by an ogre (33 damage)
             ... on level 5 of the Dungeon.
             The game lasted 00:12:45 (2336 turns).

Lochraine the Shooter (Human Wanderer)              Turns: 2336, Time: 00:12:46

Health: -6/37      AC:  5    Str: 14    XL:     5   Next: 38%
Magic:  6/6        EV: 10    Int: 13    God:    Yredelemnul [*.....]
Gold:   67         SH:  0    Dex: 11    Spells: 6/6 levels left

rFire    . . .     SeeInvis .   a - +0 shortbow
rCold    . . .     Faith    .   (shield currently unavailable)
rNeg     . . .     Spirit   .   d - +0 ring mail
rPois    .         Reflect  .   (no helmet)
rElec    .         Harm     .   (no cloak)
rCorr    .         Rampage  .   (no gloves)
Will     .....                  (no boots)
Stlth    +.........             (no amulet)
HPRegen  0.12/turn              (no ring)
MPRegen  0.10/turn              (no ring)

@: no status effects
A: no striking features
a: Renounce Religion, Animate Remains


You were on level 5 of the Dungeon.
You worshipped Yredelemnul.
Yredelemnul was aware of your devotion.
You visited 1 branch of the dungeon, and saw 4 of its levels.

You collected 67 gold pieces.

Inventory:

Hand Weapons
 a - a +0 shortbow (weapon)
 b - a +0 rapier
 n - a +2 mace of protection
Missiles
 c - 16 arrows (quivered ammo)
Armour
 d - a +0 ring mail (worn)
Wands
 l - a wand of charming (11)
Scrolls
 e - 3 scrolls of identify
 f - 2 scrolls of silence {unknown}
 g - 2 scrolls of fog {unknown}
 h - a scroll of holy word {unknown}
 i - 4 scrolls of noise {unknown}
 o - a scroll of immolation {unknown}
Potions
 j - a potion of flight
 k - a potion of heal wounds {unknown}
 m - a potion of lignification {unknown}


   Skills:
 - Level 1.0 Fighting
 + Level 4.8 Bows
 - Level 1.0 Throwing
 - Level 2.0 Armour
 + Level 0.1 Dodging
 - Level 0.1 Unarmed Combat
 - Level 1.0 Spellcasting
 - Level 1.0 Air Magic
 - Level 1.0 Earth Magic
 * Level 1.4 Invocations
 - Level 1.0 Evocations


You had 6 spell levels left.
You didn't know any spells.
Your spell library contained the following spells:

 Spells                   Type           Power      Damage    Failure   Level
 Slow                     Hex            0%         N/A       63%         2
 Confusing Touch          Hex            0%         N/A       86%         3
 Yara's Violent Unravell  Hex/Tmut       0%         3d3       100%        5


Dungeon Overview and Level Annotations

Branches:
Dungeon (3/15)

Altars:
Yredelemnul


Message History

c - 15 arrows (gained 1)
c - 16 arrows (gained 1)
You swap places.
You open the door.
There is an open door here.
You open the door.
Found a stone staircase leading down.
Found an escape hatch in the ceiling.
There is an open door here.
o - a scroll labelled EDWU WEKIR You swap places.
You open the door.
There is an open door here.
You fall into a shaft and drop 2 floors!
The shaft crumbles and collapses.
Found a grey potion.
An ice beast and a dart slug come into view.
Okay, then.
Okay, then.
A hound comes into view.
Found a scratched diamond ring.
The hound closely misses you. The hound closely misses you.
The hound barely misses you. The hound barely misses you.
The hound closely misses you. The hound closely misses you.
The hound bites you.
Found 10 gold pieces.
The hound barely misses you. The ice beast barely misses you.
The hound bites you.
An ogre comes into view. It is wielding a +0 giant spiked club.
The ogre shouts!
The hound bites you. The hound bites you.
Found 22 stones.
The hound barely misses you.
The ogre hits you with a +0 giant spiked club!!
Ouch! That really hurt!
You die...
Your body rises from the dead as a mindless zombie.

#......###
###........##
##..##=......# ..
###....##....###
##(#.$........###
......##.......#
.......Y......##
.....##Oh.....#
..## #@......##
.#.##.....##
...##......#
..........##
...........#
...........##
...........##
............#
....!....


You could see an ice beast, an ogre and a hound.

Vanquished Creatures
  Jessica (D:2)
  6 adders
  2 worms (D:2)
  A dart slug (D:1)
  A bat (D:3)
  3 endoplasms (D:1)
  A giant cockroach (D:1)
  4 goblins
  4 hobgoblins (D:1)
  2 ball pythons
  A frilled lizard (D:3)
  2 kobolds
  3 rats
31 creatures vanquished.

Vanquished Creatures (collateral kills)
  An adder (D:2)
  A giant cockroach (D:3)
  A kobold (D:2)
3 creatures vanquished.

Vanquished Creatures (others)
  Terence (D:2)
  A human skeleton (D:2)
  A kobold zombie (D:2)
  A rat zombie (D:1)
4 creatures vanquished.

Grand Total: 38 creatures vanquished

Notes
Turn   | Place    | Note
-------+----------+-------------------------------------------
     0 | D:1      | Lochraine the Human Wanderer began the quest for the Orb.
     0 | D:1      | Lochraine set off with the following items: a +0 shortbow,
                  | a wand of charming (15), 28 arrows, a +0 ring mail
     0 | D:1      | Reached XP level 1. HP: 15/15 MP: 2/2
    63 | D:1      | Reached XP level 2. HP: 6/21 MP: 3/3
   488 | D:1      | Reached skill level 3 in Bows
   851 | D:2      | Reached XP level 3. HP: 26/26 MP: 4/4
   856 | D:2      | Found a faded altar of an unknown god.
   867 | D:2      | Noticed Jessica
   868 | D:2      | Became a worshipper of Yredelemnul the Dark
   868 | D:2      | Reached * piety under Yredelemnul
   871 | D:2      | Killed Jessica
   872 | D:2      | Reached skill level 4 in Bows
   872 | D:2      | Reached XP level 4. HP: 32/32 MP: 5/5
  1285 | D:2      | Reached skill level 1 in Invocations
  1480 | D:2      | Noticed Terence
  1484 | D:2      | Your ally Jessica died
  1596 | D:2      | Your ally died
  1597 | D:2      | Reached XP level 5. HP: 16/37 MP: 6/6
  2312 | D:3      | You fall into a shaft and drop 2 floors!
  2312 | D:5      | Entered Level 5 of the Dungeon
  2313 | D:5      | Noticed an ice beast
  2330 | D:5      | Noticed an ogre
  2336 | D:5      | Mangled by an ogre

Illustrated notes

Levels and vault maps discovered:
D:1:      grunt_arrival_lava_bath, layout_rooms, serial_forest,
          infiniplex_forest_end_2, infiniplex_forest_straight_3,
          infiniplex_forest_end_3, infiniplex_forest_clump_curved,
          infiniplex_forest_straight_3, minmay_tall_x
D:2:      layout_basic, hellmonk_ecumenical_altar_run_dry, uniq_terence,
          uniq_jessica
D:3:      layout_basic, chequers_temple_overflow_minitemple, uniq_sigmund
D:5:      layout_cave_pools, uniq_edmund

Skill      XL: |  1  2  3  4 |
---------------+-------------+-----
Bows           | 3 4 |  4.8
Invocations    | 1 |  1.4
Fighting       | |  1.0
Throwing       | |  1.0
Armour         | |  2.0
Dodging        | |  0.1
Unarmed Combat | |  0.1
Spellcasting   | |  1.0
Air Magic      | |  1.0
Earth Magic    | |  1.0
Evocations     | |  1.0

Action                   |  1- 3 |  4- 6 || total
-------------------------+-------+-------++-------
Melee: Unarmed           |       |     7 ||     7
 Fire: Shortbow          |    56 |    87 ||   143
Invok: Animate Remains   |       |     5 ||     5
Evoke: Wand              |     1 |     3 ||     4
  Use: Potion            |       |     1 ||     1
       Scroll            |       |     1 ||     1
Armor: Ring mail         |     7 |    20 ||    27
Dodge: Dodged            |     7 |    38 ||    45
